AoeStats
← LM | MaggieWuerze

MegaRandom

505446916Analyzed
4v4 RM · 21d ago on Sep 9, 2026· 28m 29s· 8 players
Game mode
Random Map
Map size
Large (8 player)
Population
200
Speed
Normal
Resources
Standard
Victory
Conquest
Starting age
Dark Age
Ending age
Imperial Age
RankedLock teamsTeams togetherTeam positionsShared explorationLock speedFull tech treeHidden civsTurbo modeCheats
Victory
Defeat
🇩🇪 Japanese · Germany
1753
+14
🇩🇪 Wu · Germany
1698
+16
🇨🇳 Mongols · China
1666
+17
🇦🇷 Japanese · Argentina
1630
+19
🇹🇼 Persians · Taiwan
1736
-18
🇹🇼 Khmer · Taiwan
1692
-16
🇹🇼 Ethiopians · Taiwan
1689
-16
🇹🇼 Italians · Taiwan
1682
-16
FUFU
6:30 Loom
8:41 Feudal Age
9:28 Double-Bit Axe
10:09 Horse Collar
17:32 Wheelbarrow
17:42 Scale Barding Armor
21:24 Castle Age
19:39 Gold Mining
20:22 Bloodlines
21:05 Forging
21:51 Husbandry
21:12 Light Cavalry
23:22 Chain Barding Armor
25:14 Bow Saw
27:18 Heavy Plow
28:16 Iron Casting
hanson013
5:53 Loom
8:49 Feudal Age
9:32 Double-Bit Axe
12:13 Fletching
19:39 Horse Collar
25:32 Castle Age
24:06 Padded Archer Armor
26:09 Bodkin Arrow
25:35 Crossbowman
26:55 Bow Saw
Kevin10_7414
7:25 Loom
9:52 Feudal Age
13:37 Fletching
16:34 Town Watch
20:25 Double-Bit Axe
21:15 Double-Bit Axe
27:19 Castle Age
27:21 Crossbowman
28:01 Bodkin Arrow
29:17 Ballistics
Kevin的下分小幫手
9:04 Loom
11:02 Feudal Age
11:46 Double-Bit Axe
12:10 Horse Collar
19:03 Bloodlines
19:07 Scale Barding Armor
19:24 Forging
24:11 Castle Age
24:25 Light Cavalry
25:06 Light Cavalry
LM | MaggieWuerze
8:08 Loom
10:22 Feudal Age
15:59 Fletching
17:53 Padded Archer Armor
24:06 Castle Age
22:21 Double-Bit Axe
23:41 Horse Collar
24:08 Crossbowman
24:44 Bodkin Arrow
26:20 Ballistics
28:10 Bow Saw
LM \ Molle
6:37 Loom
9:16 Feudal Age
9:48 Double-Bit Axe
9:45 Horse Collar
16:20 Scale Barding Armor
17:59 Forging
22:54 Bloodlines
26:39 Castle Age
26:54 Gold Mining
26:54 Stone Mining
26:43 Light Cavalry
27:39 Bow Saw
29:27 Wheelbarrow
28:38 Town Watch
29:14 Chain Barding Armor
gjizhijian6866
7:53 Loom
9:59 Feudal Age
10:41 Double-Bit Axe
14:21 Fletching
17:46 Padded Archer Armor
22:06 Wheelbarrow
25:02 Castle Age
22:57 Horse Collar
23:45 Gold Mining
25:06 Crossbowman
25:43 Bodkin Arrow
26:30 Bow Saw
27:36 Leather Archer Armor
28:35 Squires
VIVIAN
4:03 Loom
9:46 Feudal Age
10:20 Double-Bit Axe
10:30 Horse Collar
14:58 Scale Barding Armor
16:56 Bloodlines
18:23 Forging
23:16 Castle Age
22:28 Gold Mining
24:13 Wheelbarrow
23:19 Light Cavalry
23:59 Husbandry
24:32 Chain Barding Armor
24:47 Bow Saw
25:22 Heavy Plow
27:16 Iron Casting
28:59 Gold Shaft Mining
Connection lost

Rejoining the realm…

Still unreachable

The connection could not be restored.

Session expired

The server has moved on; the page needs a fresh start.